Map: Pillars of Gold LE

Players

Dark - Winner!

  • Race: Zerg Zerg
  • Spawn Location: 7:00

Reynor

  • Race: Zerg Zerg
  • Spawn Location: 1:00

Event: TSL 6

VOD

Have the link to the VOD?

Description

Time

  • Played on: Dec. 19, 2020, 1:07 p.m.
  • Length: 7:35

All games in this series

Show
View Real Time Build Order
Export as new Build Order

Dark Zerg - Winner!

Build Orders: Hatch First, Roach Nydus 

Get SALT Encoding   

  12  0:00  Drone  
  13  0:12  Overlord  
  13  0:17  Drone  
  14  0:31  Drone x2  
  16  0:50  Hatchery  
  16  0:53  Drone  
  16  0:56  Drone  
  17  1:00  Drone  
  18  1:10  Extractor  
  17  1:16  Spawning Pool  
  16  1:19  Drone  
  16  1:23  Drone  
  18  1:29  Drone  
  19  1:40  Drone  
  20  1:50  Drone  
  21  2:03  Queen x2  
  21  2:04  Drone x2  
  27  2:12  Overlord  
  27  2:16  Drone  
  28  2:31  Drone  
  28  2:32  Drone  
  28  2:36  Drone x2  
  32  2:44  Hatchery  
  32  2:50  Drone x2  
  33  2:52  Queen  
  33  2:58  Overlord  
  35  2:59  Drone  
  36  3:16  Drone x8  
  44  3:21  Evolution Chamber  
  44  3:24  Lair  
  43  3:31  Roach Warren  
  43  3:32  Drone  
  43  3:37  Overlord  
  43  3:39  Extractor  
  43  3:40  Drone  
  43  3:41  Extractor  
  42  3:43  Drone x2  
  44  3:49  Zerg Missile Weapons Level 1  
  44  3:50  Overlord  
  44  3:56  Drone x3  
  44  3:57  Drone  
  44  4:01  Drone x2  
  44  4:02  Drone  
  51  4:13  Drone  
  51  4:14  Drone  
  51  4:15  Roach x3  
  59  4:22  Roach x3  
  59  4:23  Glial Reconstitution  
  65  4:25  Overseer  
  65  4:28  Overlord  
  65  4:31  Overlord  
  65  4:48  Roach x4  
  73  4:53  Roach x4, Evolution Chamber  
  82  5:00  Roach  
  82  5:01  Overlord  
  82  5:02  Overlord  
  83  5:07  Nydus Network  
  83  5:09  Overlord  
  83  5:12  Overlord  
  82  5:16  Overlord  
  82  5:23  Roach x4  
  82  5:27  Overlord  
  90  5:30  Roach x2  
  90  5:32  Roach  
  90  5:35  Roach  
  98  5:38  Roach  
  98  5:40  Roach  
  102  5:46  Roach x2  
  102  5:49  Queen  
  108  5:56  Nydus Canal  
  110  5:57  Roach  
  110  5:58  Roach  
  110  6:00  Evolution Chamber  
  111  6:05  Roach x2  
  115  6:14  Nydus Canal  
  115  6:16  Queen  
  111  6:22  Roach x2  
  111  6:25  Queen  
  107  6:29  Nydus Canal  
  107  6:30  Drone x3  
  100  6:40  Roach  
  100  6:41  Roach x2  
  100  6:45  Drone x2  
  94  6:47  Spore Crawler  
  94  6:50  Extractor  
  94  6:52  Spore Crawler, Queen  
  87  6:57  Spore Crawler  
  87  7:00  Nydus Canal  
  88  7:06  Spore Crawler  
  88  7:08  Roach, Drone x3  
  92  7:16  Spore Crawler  
  91  7:24  Spore Crawler  
  91  7:25  Spore Crawler x2  
Show
View Real Time Build Order
Export as new Build Order

Reynor Zerg 

Build Orders: Hatch First 

Get SALT Encoding   

  12  0:00  Drone  
  13  0:13  Overlord  
  13  0:18  Drone  
  14  0:31  Drone x2  
  16  0:50  Hatchery  
  16  0:53  Drone  
  16  0:57  Drone  
  17  1:01  Drone  
  18  1:10  Extractor  
  17  1:17  Spawning Pool  
  16  1:19  Drone  
  16  1:23  Drone  
  18  1:28  Drone  
  19  1:39  Drone  
  20  1:49  Overlord  
  20  2:02  Drone x2  
  20  2:03  Queen x2  
  26  2:12  Drone  
  26  2:13  Drone  
  28  2:22  Drone  
  29  2:24  Drone  
  30  2:32  Drone  
  30  2:35  Overlord  
  31  2:39  Queen  
  31  2:43  Drone  
  34  2:45  Drone  
  34  2:51  Evolution Chamber  
  34  2:55  Drone  
  34  2:56  Drone  
  36  2:58  Lair  
  36  3:05  Drone  
  37  3:07  Drone  
  37  3:12  Drone x3  
  41  3:13  Extractor  
  41  3:16  Zerg Melee Weapons Level 1, Drone  
  41  3:17  Drone x2  
  43  3:20  Overlord  
  43  3:24  Drone  
  44  3:32  Roach Warren  
  44  3:33  Drone  
  44  3:36  Extractor  
  44  3:37  Drone  
  44  3:39  Drone  
  45  3:43  Metabolic Boost  
  45  3:46  Drone  
  45  3:47  Drone x2  
  48  3:48  Extractor  
  48  3:49  Overlord  
  48  3:50  Drone  
  48  3:54  Drone x2  
  50  4:03  Drone  
  50  4:04  Overlord  
  51  4:14  Spire  
  50  4:18  Drone  
  50  4:22  Hatchery  
  50  4:26  Zergling x6  
  50  4:28  Zergling x2  
  54  4:31  Zergling x4  
  54  4:33  Zergling x2  
  54  4:36  Zergling x4  
  59  4:46  Zergling x10  
  64  4:55  Overlord  
  64  4:57  Zergling x8  
  68  5:10  Overlord  
  65  5:29  Mutalisk x8  
  81  5:36  Mutalisk  
  81  5:37  Drone x2  
  81  5:40  Spine Crawler  
  84  5:45  Mutalisk  
  86  5:51  Overlord, Evolution Chamber  
  86  5:54  Mutalisk  
  87  6:00  Zergling x4  
  87  6:02  Overlord  
  88  6:09  Zergling x6  
  89  6:14  Mutalisk x2  
  87  6:19  Zergling x8  
  87  6:24  Zergling x6  
  83  6:31  Zergling x2  
  69  6:42  Drone  
  59  6:58  Drone  
  59  7:00  Drone  
  61  7:04  Drone  
  62  7:12  Drone x3  
Tags
 
Add a new tag
Caveats
  • Supply blocks, unpowered buildings, or Contaminate may cause inaccurate times.
  • Supply counts are checked every 10 seconds.